 Dungeon Crawl Stone Soup version 0.31-a0-256-g80acddb972 (webtiles) character file.

Game seed: 10851603513915850433

61 qw the Shooter (level 3, -4/29 HPs)
             Began as a Minotaur Hexslinger on July 12, 2023.
             Slain by a hobgoblin (6 damage)
             ... led by Robin
             ... on level 2 of the Dungeon.
             The game lasted 00:00:25 (1218 turns).

qw the Shooter (Minotaur Hexslinger)                Turns: 1218, Time: 00:00:25

Health: -4/29      AC:  2    Str: 12    XL:     3   Next: 83%
Magic:  3/3        EV: 12    Int: 10    God:
Gold:   77         SH:  0    Dex: 14    Spells: 3/4 levels left

rFire   . . .        Y - +1 sling
rCold   . . .        (no shield)
rNeg    . . .        c - +0 robe
rPois   .            (helmet restricted)
rElec   .            (no cloak)
rCorr   .            (no gloves)
SInv    .            (no boots)
Will    .....        (no amulet)
Stlth   +            (no ring)
HPRegen 0.24/turn    (no ring)
MPRegen 0.08/turn

%: no passive effects
@: no status effects
A: horns 2, retaliatory headbutt
a: no special abilities


You were on level 2 of the Dungeon.
You visited 1 branch of the dungeon, and saw 2 of its levels.

You collected 77 gold pieces.


Innate Abilities, Weirdness & Mutations

You have a pair of horns on your head.
You reflexively headbutt those who attack you in melee.


   Skills:
 - Level 2.0 Fighting
 + Level 4.4 Ranged Weapons
 - Level 2.1 Dodging
 - Level 1.0 Spellcasting
 - Level 2.0 Hexes


You had 3 spell levels left.
You knew the following spells:

 Your Spells              Type           Power      Damage    Failure   Level
a - Slow                  Hex            16%        N/A       16%         1

Your spell library contained the following spells:

 Spells                   Type           Power      Damage    Failure   Level
 Inner Flame              Hex/Fire       2%         N/A       56%         3
 Portal Projectile        Hex/Tloc       4%         N/A       56%         3
 Cause Fear               Hex            2%         N/A       83%         4

Inventory:

Hand Weapons
 Y - a +1 sling (weapon)
Armour
 c - a +0 robe (worn)
Scrolls
 a - a scroll of amnesia {unknown}
Potions
 e - a potion of berserk rage {unknown}
 f - a potion of heal wounds {unknown}

Dungeon Overview and Level Annotations

Branches:
Dungeon (2/15)

Altars:

Annotations:
D:2 Robin


Message History

You kill the goblin!
Robin of the Strong Arm comes into view.
They are wielding a +0 short sword.
The goblin closely misses you.
1209 ||| Stepping ~*~*~tactically~*~*~ (outnumbered).
You shoot a sling bullet.
The sling bullet closely misses the goblin.
The sling bullet hits the hobgoblin.
The hobgoblin is moderately wounded.
The goblin hits you with a +0 dagger. x2
You shoot a sling bullet. The sling bullet hits the goblin.
The goblin is heavily wounded.
The goblin hits you with a +0 dagger.
Robin roars a battlecry!
The goblins go into a battle-frenzy!
You shoot a sling bullet.
The sling bullet closely misses the goblin.
The sling bullet hits the hobgoblin.
The hobgoblin is severely wounded.
Robin throws the goblin at you! The goblin barely misses you. x2
You shoot a sling bullet. The sling bullet hits the goblin.
You kill the goblin!
The goblin closely misses you.
You shoot a sling bullet.
The sling bullet barely misses the goblin.
The hobgoblin hits you! The goblin hits you with a +0 club.
You shoot a sling bullet. The sling bullet hits the goblin!
You kill the goblin!
The hobgoblin hits you.
You shoot a sling bullet.
The sling bullet barely misses the hobgoblin.
The sling bullet closely misses the hobgoblin.
The hobgoblin closely misses you. Robin throws the goblin at you!
The hobgoblin hits you but does no damage.
You shoot a sling bullet. The sling bullet hits the goblin.
You kill the goblin!
The hobgoblin hits you.
You shoot a sling bullet. The sling bullet hits the hobgoblin.
The hobgoblin is severely wounded.
The hobgoblin hits you.
You die...

#### .....
############ .....
#..........#
......
#..........#
###...###
#..........#
#..g..gg#
#..........## #g#
#...........#
#@###...........##
#.)###########....
##.## #.... #..#
#.... ##.# #....
#.### #....
#...### #....
###...# #....
###.# #....


You could see Robin and 2 hobgoblins.

Vanquished Creatures
  Terence (D:2)
  2 endoplasms
  3 giant cockroaches (D:1)
  7 goblins (D:2)
  4 hobgoblins
  3 kobolds (D:1)
  3 ball pythons (D:1)
  5 bats (D:1)
  4 frilled lizards
  2 rats (D:1)
34 creatures vanquished.

Notes
Turn   | Place    | Note
-------+----------+-------------------------------------------
     0 | D:1      | qw the Minotaur Hexslinger began the quest for the Orb.
     0 | D:1      | Reached XP level 1. HP: 16/16 MP: 1/1
     0 | D:1      | 0 ||| qw: Version: 0.3-a-52-g30416fa
     0 | D:1      | 0 ||| qw: Game counter: 6765
     0 | D:1      | 0 ||| qw: Melee chars always use a shield: true
     0 | D:1      | 0 ||| qw: God list: Okawaru
     0 | D:1      | 0 ||| qw: Allow faded altars: false
     0 | D:1      | 0 ||| qw: Do Orc after clearing Dungeon:15 true
     0 | D:1      | 0 ||| qw: Do second Lair branch before Depths: true
     0 | D:1      | 0 ||| qw: Lair rune preference: random
     0 | D:1      | 0 ||| qw: Goals: Normal
     0 | D:1      | 0 ||| PLANNING D:1-11
   189 | D:1      | Reached skill level 3 in Ranged Weapons
   189 | D:1      | Reached XP level 2. HP: 21/23 MP: 2/2
   936 | D:1      | 936 ||| READING scroll labelled CEGOUZ PYEPHENK.
   937 | D:1      | 937 ||| READING scroll labelled LUOTOR DORE.
   942 | D:1      | 942 ||| DROPPING scroll of poison.
   987 | D:2      | Found a faded altar of an unknown god.
  1009 | D:2      | Noticed Terence
  1025 | D:2      | HP: 6/24 [Terence/+0 falchion (4)]
  1026 | D:2      | Killed Terence
  1027 | D:2      | Reached skill level 4 in Ranged Weapons
  1027 | D:2      | Reached XP level 3. HP: 6/29 MP: 3/3
  1208 | D:2      | Noticed Robin
  1209 | D:2      | 1209 ||| Stepping ~*~*~tactically~*~*~ (outnumbered).
  1214 | D:2      | HP: 7/29 [goblin/+0 club[Robin] (2)]
  1217 | D:2      | HP: 2/29 [hobgoblin[Robin] (3)]
  1218 | D:2      | Slain by a hobgoblin

Levels and vault maps discovered:
D:1:      nicolae_arrival_washed_ashore, layout_basic, minmay_tiny_reverse_x
D:2:      layout_rooms, shapermc_ecumenical_altar_pompeii, uniq_terence,
          uniq_robin

Skill      XL: |  1  2 |
---------------+-------+-----
Ranged Weapons | 3 4 |  4.4
Fighting       | 2 |  2.0
Dodging        | |  2.1
Spellcasting   | |  1.0
Hexes          | |  2.0

Action                     || total
---------------------------++-------
   Fire: Sling             ||   104
    Use: Scroll            ||     2
 Armour: Robe              ||    14
  Dodge: Dodged            ||    29

Table legend:
 A = Non-vault XP
 B = Vault XP
 C = Vault XP percentage of total XP
 D = Non-vault monster count
 E = Vault monster count
 F = Vault count percentage of total count
                 A         B        C        D         E       F
            +---------+---------+-------+---------+---------+-------
      Total |      32 |      56 |  63.6 |      23 |      11 |  32.4
            +---------+---------+-------+---------+---------+-------
        D:1 |      27 |       3 |  10.0 |      20 |       2 |   9.1
        D:2 |       5 |      53 |  91.4 |       3 |       9 |  75.0
            +---------+---------+-------+---------+---------+-------
